 Dungeon Crawl Stone Soup version 0.32-a0-314-g526f7d4993 (webtiles) character file.

Game seed: 9342961529199487743

18 Amplified the Trooper (level 2, 0/26 HPs)
             Began as a Mountain Dwarf Fighter on Feb 16, 2024.
             Constricted to death by a ball python (1 damage)
             ... on level 1 of the Dungeon.
             The game lasted 00:00:22 (262 turns).

Amplified the Trooper (Mountain Dwarf Fighter)       Turns: 262, Time: 00:00:22

Health: 0/26       AC:  6    Str: 18    XL:     2   Next: 51%
Magic:  2/2        EV:  6    Int:  8    God:
Gold:   0          SH:  4    Dex:  9    Spells: 1/1 levels left

rFire   . . .        a - +0 flail
rCold   . . .        c - +0 buckler
rNeg    . . .        b - +0 scale mail
rPois   .            (no helmet)
rElec   .            (no cloak)
rCorr   .            (no gloves)
SInv    .            (no boots)
Will    .....        (no amulet) Stlth
                     (no ring)
HPRegen 0.24/turn    (no ring)
MPRegen 0.08/turn

%: no passive effects
@: mighty, constricted
A: runic magic, artefact enchanting
a: no special abilities


You were on level 1 of the Dungeon.
You visited 1 branch of the dungeon, and saw 1 of its levels.

Inventory:

Hand Weapons
 a - a +0 flail (weapon)
Missiles
 h - 2 poisoned darts (quivered)
Armour
 b - a +0 scale mail (worn)
 c - a +0 buckler (worn)
Scrolls
 e - a scroll of vulnerability {unknown}
 f - a scroll of fog {unknown}
 g - 3 scrolls of torment {unknown}


   Skills:
 * Level 3.6 Fighting
 * Level 2.9 Maces & Flails
 + Level 3.4 Armour
 * Level 3.6 Shields


You had one spell level left.
You didn't know any spells.
Your spell library was empty.

Dungeon Overview and Level Annotations

Branches:
Dungeon (1/15)

Altars:


Innate Abilities, Weirdness & Mutations

Your spellcasting is much less encumbered by armour.
You can use scrolls of enchantment on lesser artefacts.


Message History

The quokka bites you. The quokka closely misses you.
You closely miss the quokka.
The quokka is moderately wounded.
The quokka barely misses you.
You hit the quokka.
The quokka is severely wounded.
The quokka misses you. The quokka bites you.
You feel very mighty all of a sudden. The quokka closely misses you.
You closely miss the quokka.
The quokka is severely wounded.
The quokka bites you but does no damage.
The quokka bites you.
* * * LOW HITPOINT WARNING * * *
You barely miss the quokka.
The quokka is severely wounded.
You block the quokka's attack.
You barely miss the quokka.
The quokka is severely wounded.
The quokka closely misses you. The quokka barely misses you.
You completely miss the quokka.
The quokka is severely wounded.
The quokka bites you.
* * * LOW HITPOINT WARNING * * *
You closely miss the quokka.
The quokka is severely wounded.
The quokka bites you but does no damage.
The quokka barely misses you.
You sock the quokka!
You kill the quokka!
The ball python barely misses you. The ball python completely misses you.
You closely miss the ball python.
The ball python bites you but does no damage.
The ball python grabs you. The ball python constricts you.
You completely miss the ball python. The ball python bites you.
* * * LOW HITPOINT WARNING * * *
The ball python constricts you.
The ball python bites you but does no damage.
The ball python constricts you.
You die...

### #..#.##.# #...##.## ..#
#..#.##.###........
..#######..#.##....S.......
####..............r........
....>......................
#########..#.....#####+####
#.# #..#####r# #.# #.....
#S# #.# #...... #@# #.#
#......##.#
#.######......##.# .......+
..# #.######.. ###
..........
#.######################
#....##........#.......#
......#.....##'#'####


You could see a ball python and a rat.

Vanquished Creatures
  3 hobgoblins (D:1)
  2 jackals (D:1)
  A quokka (D:1)
  A bat (D:1)
  3 goblins (D:1)
10 creatures vanquished.

Notes
Turn   | Place    | Note
-------+----------+-------------------------------------------
     0 | D:1      | Amplified the Mountain Dwarf Fighter began the quest for
                  | the Orb.
     0 | D:1      | Reached XP level 1. HP: 19/19 MP: 1/1
   238 | D:1      | Reached XP level 2. HP: 19/26 MP: 2/2
   262 | D:1      | HP: 1/26 [ball python (3)]
   262 | D:1      | Constricted to death by a ball python

Illustrated notes

Levels and vault maps discovered:
D:1:      ebering_hopf_link, layout_basic,
          shapermc_ecumenical_altar_mp_vishouse, minmay_heptomino_d4

Action                     || total
---------------------------++-------
  Melee: Flail             ||    41
    Use: Potion            ||     1
 Armour: Scale mail        ||    33
  Dodge: Dodged            ||    27
  Block: Buckler           ||     8

Table legend: (Time is in decaauts)
 A = Elapsed time spent in this place.
 B = Non-inter-level travel time spent in this place.
 C = Inter-level travel time spent in this place.
 D = Time resting spent in this place.
 E = Time spent auto-exploring this place.
 F = Levels seen in this place.
 G = Mean time per level.
                   A        B        C        D        E       F      G
               +--------+--------+--------+--------+--------+-----+--------+
         Total |    274 |    274 |      0 |      0 |    183 |   1 |  274.0 |
       Dungeon |    274 |    274 |      0 |      0 |    183 |   1 |  274.0 |
               +--------+--------+--------+--------+--------+-----+--------+

Top non-repeatable levels by time:
     D:1: 274 daAuts
